 Dungeon Crawl Stone Soup version 0.23.1 (webtiles) character file.

Game seed: 0

1461 Borgoz the Sneak (level 8, -1/65 (68) HPs)
             Began as a Ghoul Enchanter on Mar 3, 2019.
             Splashed by a jelly's acid (4 damage)
             ... on level 7 of the Dungeon.
             The game lasted 00:19:03 (7820 turns).

Borgoz the Sneak (Ghoul Enchanter)                  Turns: 7820, Time: 00:19:03

HP:   -1/65 (68)    AC: -7    Str: 12    XL:     8   Next: 77%
MP:   12/12         EV: 12    Int: 10    God:
Gold: 365           SH:  0    Dex: 11    Spells: 8/13 levels left

rFire    . . .     SeeInvis .   a - +2 dagger
rCold    + . .     Gourm    .   (no shield)
rNeg     + + +     Faith    .   e - +0 leather armour
rPois    ∞         Spirit   .   r - +0 helmet
rElec    .         Reflect  .   b - +0 cloak
rCorr    .         Harm     .   o - +1 pair of gloves
MR       .....                  g - +0 pair of boots
Stlth    +++.......             (no amulet)
HPRegen  0.00/turn              (no ring)
MPRegen  0.13/turn              (no ring)

@: corroded, rotting
A: rotting body, claws 1, carnivore, cold resistance 1, negative energy
resistance 3, inhibited regeneration, torment resistance, unbreathing
a: no special abilities


You were on level 7 of the Dungeon.
You were hungry.

You visited 1 branch of the dungeon, and saw 7 of its levels.
You also visited: Ossuary.

You collected 365 gold pieces.

Inventory:

Hand Weapons
 a - a +2 dagger (weapon)
Missiles
 s - 4 needles of confusion
Armour
 b - a +0 cloak (worn)
 e - a +0 leather armour (worn)
 g - a +0 pair of boots (worn)
 n - a +0 ring mail
 o - a +1 pair of gloves (worn)
 r - a +0 helmet (worn)
Scrolls
 f - a scroll of blinking
 h - 2 scrolls of identify
 i - a scroll of remove curse
Potions
 j - 2 potions of haste
 k - 2 potions of flight
 l - a potion of degeneration {unknown}
 m - a potion of brilliance {unknown}
Comestibles
 d - 14 rations


   Skills:
 * Level 5.0 Fighting
 * Level 4.3 Short Blades
 + Level 2.0 Throwing
 + Level 2.7 Armour
 + Level 3.4 Dodging
 + Level 5.1 Stealth
 + Level 3.3 Spellcasting
 + Level 3.7 Hexes


You had 8 spell levels left.
You knew the following spells:

 Your Spells              Type           Power        Failure   Level  Hunger
b - Ensorcelled Hibernat  Hex/Ice        #.....       24%         2    ###....
c - Confuse               Hex            #.......     22%         3    ###....

Your spell library contained the following spells:

 Spells                   Type           Power        Failure   Level  Hunger
 Corona                   Hex            #......      8%          1    #......
 Tukima's Dance           Hex            #.......     22%         3    ###....
 Flame Tongue             Conj/Fire      #....        34%         1    #......
 Dazzling Spray           Conj/Hex       #.....       43%         3    ###....
 Inner Flame              Hex/Fire       #.......     43%         3    ###....
 Throw Flame              Conj/Fire      #.....       45%         2    ###....
 Conjure Flame            Conj/Fire      #.......     71%         3    ###....
 Sticky Flame             Conj/Fire      #.......     98%         4    #####..
 Fireball                 Conj/Fire      #.........   100%        5    ######.


Dungeon Overview and Level Annotations

Branches:
Dungeon (7/15)             Temple (0/1) D:4

Altars:
Ru
Trog
Wu Jian
Xom
Zin

Annotations:
D:7 Menkaure


Innate Abilities, Weirdness & Mutations

Your body is rotting away.
You thrive on raw meat.
You are immune to poison.
You have sharp fingernails.
You are carnivorous and can eat meat at any time.
Your flesh is cold resistant. (rC+)
You are immune to negative energy. (rN+++)
You do not regenerate when monsters are visible.
You are immune to unholy pain and torment.
You can survive without breathing.


Message History

The jelly is almost dead.
The jelly hits you.
You are splashed with acid!
* * * LOW HITPOINT WARNING * * *
You hit the jelly but do no damage. The acid corrodes you!
Your hands burn!
* * * LOW HITPOINT WARNING * * *
The jelly is almost dead.
You hit the jelly but do no damage.
Your hands burn!
* * * LOW HITPOINT WARNING * * *
The jelly is almost dead.
The jelly barely misses you.
You hit the jelly but do no damage. The acid corrodes you!
Your hands burn!
* * * LOW HITPOINT WARNING * * *
The jelly is almost dead.
The jelly barely misses you.
You hit the jelly but do no damage.
Your hands burn!
* * * LOW HITPOINT WARNING * * *
The jelly is almost dead.
The jelly closely misses you.
You hit the jelly but do no damage.
Your hands burn!
You die...

#........#......+..§
#........# #...##..§
#.....#'####...##...
#.....#........##...
#.....#.............
#.....#...g..g...... #
#.....######...##...
#...###.......##.?.##...
......J@......#....#....
#.....#.......+....#####
#.....#.......#....# ..
#.... #.......##...# ...
#... ##.......#g####...
.... #.......'........ .
#.......#........
#.......#...##...
#.......#...##...


You could see a jelly.

Vanquished Creatures
  An ice beast (D:6)
  2 sky beasts
  2 phantoms
  2 ogres
  A bullfrog (D:6)
  Blork the orc (D:5)
  2 scorpions
  2 howler monkeys (D:4)
  A human zombie (Ossuary)
  A hound (D:6)
  A jelly (D:6)
  An orc wizard (D:3)
  A bullfrog skeleton (D:4)
  Ijyb (D:3)
  2 worker ants
  A big kobold zombie (Ossuary)
  A hound zombie (D:5)
  4 mummies (Ossuary)
  A worker ant zombie (D:6)
  9 adders
  4 gnolls
  2 shadow imps (D:5)
  2 worms (D:3)
  A dart slug (D:2)
  2 leopard geckos
  An orc (D:3)
  4 giant cockroaches
  7 goblins
  6 hobgoblins
  8 jackals
  4 quokkas
  A ball python (D:4)
  10 bats
  9 frilled lizards
  2 jackal zombies (Ossuary)
  5 kobolds (D:2)
  3 kobold zombies (Ossuary)
  3 orc zombies (Ossuary)
  A quokka skeleton (D:5)
  9 rats
  2 rat zombies (Ossuary)
123 creatures vanquished.

Notes
Turn   | Place    | Note
-------+----------+-------------------------------------------
     0 | D:1      | Borgoz the Ghoul Enchanter began the quest for the Orb.
     0 | D:1      | Reached XP level 1. HP: 14/14 MP: 2/2
    33 | D:1      | Reached skill level 1 in Short Blades
   287 | D:1      | Reached XP level 2. HP: 22/22 MP: 3/3
   351 | D:1      | Found a shimmering altar of Xom.
   640 | D:1      | Reached skill level 1 in Fighting
   657 | D:1      | Reached XP level 3. HP: 22/28 MP: 4/4
   697 | D:2      | You fall through a shaft for 2 floors!
   844 | D:3      | Found a sacrificial altar of Ru.
   906 | D:3      | Reached XP level 4. HP: 25/35 MP: 4/6
   937 | D:3      | Noticed Ijyb
   976 | D:3      | Killed Ijyb
   976 | D:3      | Reached skill level 1 in Armour
  1301 | D:2      | Reached XP level 5. HP: 31/41 MP: 7/7
  2880 | D:3      | Noticed a moth of wrath
  2882 | D:3      | Found a bloodstained altar of Trog.
  3108 | D:4      | Reached XP level 6. HP: 40/50 MP: 8/8
  3189 | D:4      | Found a staircase to the Ecumenical Temple.
  3641 | D:4      | Reached XP level 7. HP: 52/57 MP: 9/9
  3905 | D:5      | Entered Level 5 of the Dungeon
  4150 | D:5      | Found a glowing silver altar of Zin.
  4986 | D:5      | Noticed Blork the orc
  5013 | D:5      | Killed Blork the orc
  5170 | D:5      | Learned a level 2 spell: Ensorcelled Hibernation
  5174 | D:5      | Learned a level 3 spell: Confuse
  5267 | D:5      | HP: 2/56 [scorpion (6)]
  5550 | D:5      | Reached skill level 1 in Throwing
  6120 | D:6      | Reached XP level 8. HP: 18/61 MP: 11/11
  6866 | D:6      | Reached skill level 5 in Stealth
  6903 | D:7      | Noticed Menkaure
  6915 | D:7      | Found an ornate altar of the Wu Jian Council.
  6995 | D:7      | Found a sand-covered staircase.
  7000 | Ossuary  | Entered an ossuary
  7086 | Ossuary  | HP: 2/67 [big kobold zombie (2)]
  7105 | Ossuary  | Reached skill level 5 in Fighting
  7819 | D:7      | HP: 3/65 [acid (1)]
  7820 | D:7      | Splashed by a jelly's acid

Skill      XL: |  1  2  3  4  5  6  7  8 |
---------------+-------------------------+-----
Short Blades   | 1 2 3 4 |  4.3
Dodging        | 2 3 |  3.4
Fighting       | 1 2 3 4 5 |  5.0
Spellcasting   | 2 3 |  3.3
Armour         | 1 2 |  2.7
Hexes          | 3 |  3.7
Stealth        | 4 5 |  5.1
Throwing       | 1 2 |  2.0

Action                   |  1- 3 |  4- 6 |  7- 9 || total
-------------------------+-------+-------+-------++-------
Melee: Dagger            |   142 |   442 |   686 ||  1270
Throw: Throwing net      |       |     2 |       ||     2
 Cast: Corona            |       |       |    18 ||    18
       Ensorcelled Hiber |       |       |     4 ||     4
       Confuse           |       |       |     7 ||     7
Evoke: Wand              |       |       |    22 ||    22
  Use: Potion            |     3 |       |    10 ||    13
       Scroll            |       |       |     9 ||     9
 Stab: Sleeping          |     2 |     3 |     2 ||     7
       Invisible         |       |     1 |     3 ||     4
       Held in net/web   |       |     1 |       ||     1
       Confused          |       |       |     1 ||     1
  Eat: Chunk             |     8 |    20 |     8 ||    36
       Ration            |       |       |     2 ||     2
Armor: Robe              |    51 |     7 |       ||    58
       Leather armour    |       |    24 |     7 ||    31
       Ring mail         |       |    69 |   170 ||   239
Dodge: Dodged            |    99 |   248 |   270 ||   617
